 Dungeon Crawl Stone Soup version 0.28-a0-1624-g820543e53a (webtiles) character file.

Game seed: 14320539387998779870

7748 Shayle the Nimble (level 11, -8/85 HPs)
             Began as a Djinni Warper on Jan 23, 2022.
             Was an Initiate of Ashenzari.
             Killed from afar by an electric eel (13 damage)
             ... with a bolt of electricity
             ... on level 11 of the Dungeon.
             The game lasted 00:50:21 (18669 turns).

Shayle the Nimble (Djinni Warper)                  Turns: 18669, Time: 00:50:22

Health: -8/85      AC:  7    Str: 10    XL:     11   Next: 43%
Gold:   346        EV: 16    Int: 19    God:    Ashenzari [......] SH:  5 Dex: 13

rFire   + + .      SeeInvis .   r - +5 spear (vamp)
rCold   x . .      Faith    .   (no shield)
rNeg    . . .      Spirit   .   a - +0 leather armour
rPois   ∞          Reflect  +   G - +2 helmet
rElec   .          Harm     .   (no cloak)
rCorr   .          Rampage  .   F - +0 pair of gloves
Will    +....                   (boots unavailable)
Stlth   ++++......              h - amulet of reflection
HPRegen 0.24/turn               (no ring)
MPRegen 0.00/turn               (no ring)

@: flying, very slightly contaminated
A: sickness immunity, fire resistance 2, cold vulnerability 1, float, innate
caster, hp casting, extra vitality 1
a: Renounce Religion, Curse Item


You were on level 11 of the Dungeon.
You worshipped Ashenzari.
Ashenzari was noncommittal.
You visited 2 branches of the dungeon, and saw 12 of its levels.

You collected 541 gold pieces.
You spent 195 gold pieces at shops.

Inventory:

Hand Weapons
 g - a +1 vampiric whip
 k - a +3 morningstar of protection
 m - a +0 halberd of flaming
 r - a +5 vampiric spear (weapon)
 D - a +2 vorpal hand axe
Missiles
 c - a boomerang of dispersal
 e - 4 curare-tipped darts
 l - 240 stones
 n - 15 boomerangs
 q - 21 poisoned darts (quivered)
Armour
 a - a +0 leather armour (worn)
 F - a +0 pair of gloves (worn)
 G - a +2 helmet (worn)
Jewellery
 h - an amulet of reflection (around neck)
Wands
 p - a wand of iceblast (8)
 t - a wand of polymorph (7)
 y - a wand of digging (13)
 B - a wand of mindburst (12)
Scrolls
 s - a scroll of vulnerability
 w - a scroll of immolation {unknown}
 x - 2 scrolls of teleportation
 A - a scroll of fear {unknown}
 C - a scroll of blinking
 H - a scroll of enchant weapon
Potions
 b - 2 potions of resistance
 d - 3 potions of flight
 f - a potion of cancellation
 i - 3 potions of curing
 j - 3 potions of brilliance
 o - 2 potions of invisibility
 u - a potion of might
 v - a potion of attraction
 z - a potion of haste
 E - a potion of berserk rage


   Skills:
 + Level 10.1 Fighting
 - Level 0.7 Throwing
 - Level 1.0 Armour
 + Level 11.0 Dodging
 - Level 9.0 Stealth
 - Level 2.0 Unarmed Combat
 - Level 2.4 Spellcasting


You couldn't memorise any spells.
You knew the following spells:

 Your Spells              Type           Power      Damage    Failure   Level
a - Blink                 Tloc           22%        N/A       12%         2
b - Lesser Beckoning      Tloc           11%        N/A       24%         3
c - Gell's Gravitas       Tloc           11%        N/A       24%         3
d - Teleport Other        Tloc           11%        N/A       24%         3
e - Manifold Assault      Tloc           11%        N/A       92%         5
f - Sandblast             Erth           22%        2d7       9%          1
g - Scorch                Fire           22%        2d6       12%         2
h - Frozen Ramparts       Ice            22%        1d4       24%         3
i - Spider Form           Tmut/Pois      11%        N/A       24%         3
j - Lightning Bolt        Conj/Air       5%         1d17      92%         5
Your spell library was empty.

Dungeon Overview and Level Annotations

Branches:
Dungeon (11/15)            Temple (1/1) D:4             Orc (0/2) D:10
   Lair: D:8-11

Altars:
Ashenzari
Cheibriados
Dithmenos
Elyvilon
Fedhas
Gozag
Hepliaklqana
Kikubaaqudgha
Makhleb
Nemelex Xobeh
Okawaru
Qazlal
Ru
Sif Muna
Trog
Uskayaw
Vehumet
Wu Jian
Xom
Yredelemnul
Zin
The Shining One

Shops:
D:10 :[(!

Annotations:
D:3 Terence


Innate Abilities, Weirdness & Mutations

You are immune to sickness and miasma.
You are immune to poison.
Your flesh is very heat resistant. (rF++)
You are vulnerable to cold. (rC-)
You float through the air rather than walking.
You learn spells naturally, not from books.
Your magical power is your life essence.
You have superior vitality. (+4 MHP)


Message History

The electric eel shoots out a bolt of lightning at you!
The bolt of electricity misses you.
The cyclops is engulfed in a cloud of scalding steam.
The electric eel shoots out a bolt of lightning at you!
The bolt of electricity hits you!
Reach: r) +5 spear (vamp)
Press: ? - help, Dir - move target, f - cyclops
Aim: a cyclops, quivering large rocks (almost dead, more vulnerable to fire, about 11% to evade your +5 vampiric spear)
You reach to attack!
You puncture the cyclops!
You feel better.
The cyclops is almost dead.
A wolf comes into view.
The electric eel shoots out a bolt of lightning at you!
The bolt of electricity hits you!
The electric eel shoots out a bolt of lightning at you!
The bolt of electricity misses you.
The cyclops throws a large rock.
The large rock misses you.
You hear a shout!
Reach: r) +5 spear (vamp)
Press: ? - help, Dir - move target, f/p - cyclops
Aim: a cyclops, quivering large rocks (almost dead, more vulnerable to fire, about 11% to evade your +5 vampiric spear)
You reach to attack!
You hit the cyclops.
You feel better.
You kill the cyclops!
The electric eel shoots out a bolt of lightning at you!
The bolt of electricity hits you.
The electric eel shoots out a bolt of lightning at you!
The bolt of electricity hits you.
The electric eel shoots out a bolt of lightning at you!
The bolt of electricity hits you!
* * * LOW HITPOINT WARNING * * *
You hear a howl!
Your Dodging skill increases to level 11!
The electric eel shoots out a bolt of lightning at you!
The bolt of electricity hits you!
* * * LOW HITPOINT WARNING * * *
The electric eel shoots out a bolt of lightning at you!
The bolt of electricity hits you!
* * * LOW HITPOINT WARNING * * *
The electric eel shoots out a bolt of lightning at you!
The bolt of electricity hits you!
You die...

.. #...# ....... #...#
#.#..#. >.# #...# #......
.... #...# #.#....
.....#####...# #.#....
........##...######...###
.≈....≈.....[.:.....#>#..
...≈.§(.@.............#..
≈.≈≈≈≈..............#†#..
≈≈≈≈≈...##...########.#..
≈≈≈≈≈..≈##...### #....
≈≈hS≈≈≈≈.......# ###.#
.≈h≈≈≈≈≈.#...#.# #.#
.≈≈≈S≈≈.#...#.# #.#
.≈S≈≈≈≈.....#.# #.#
≈≈≈≈≈.#...#.# #.#


You could see a wolf, a hound and 3 electric eels.

Vanquished Creatures
  A two-headed ogre (D:11)
  Pikel (D:8)
  A cyclops (D:11)
  A troll (D:10)
  A hornet (D:6)
  A shadow (D:10)
  10 yaks
  A water moccasin (D:5)
  An acid dragon (D:6)
  2 orc warriors
  2 black bears
  A necrophage (D:5)
  An ice beast (D:7)
  4 centaurs
  2 ogres (D:5)
  2 lemures (D:8)
  4 kobold brigands
  5 bullfrogs
  A gnoll sergeant (D:5)
  A scorpion (D:6)
  A wyvern skeleton (D:5)
  A water moccasin zombie (D:5)
  10 killer bees
  3 howler monkeys (D:4)
  5 wights
  A wyvern simulacrum (D:9)
  2 centaur zombies
  3 orc priests
  6 hounds
  A jelly (D:6)
  Jessica (D:3)
  6 orc wizards
  4 killer bee zombies
  2 howler monkey zombies
  13 adders
  26 gnolls
  An ufetubus (D:3)
  2 worms (D:3)
  3 dart slugs
  38 orcs
  3 ball pythons
  5 endoplasms
  8 giant cockroaches
  6 goblins
  7 hobgoblins
  16 jackals
  2 quokkas (D:1)
  3 bats
  3 frilled lizards
  15 kobolds
  6 rats
246 creatures vanquished.

Vanquished Creatures (others)
  A kobold (D:8)
  2 plants (D:4)
3 creatures vanquished.

Grand Total: 249 creatures vanquished

Notes
Turn   | Place    | Note
-------+----------+-------------------------------------------
     0 | D:1      | Shayle the Djinni Warper began the quest for the Orb.
     0 | D:1      | Reached XP level 1. HP: 18/18 MP: 0/0
   114 | D:1      | You are sucked into a shaft and drop 1 floor!
   213 | D:2      | Reached skill level 1 in Stealth
   431 | D:2      | Reached XP level 2. HP: 20/23 MP: 0/0
  1344 | D:1      | Reached XP level 3. HP: 28/28 MP: 0/0
  1344 | D:1      | Learned a level 1 spell: Sandblast
  2707 | D:2      | Reached XP level 4. HP: 29/33 MP: 0/0
  3035 | D:3      | Noticed Terence
  3247 | D:3      | Found a faded altar of an unknown god.
  3816 | D:3      | Reached XP level 5. HP: 25/38 MP: 0/0
  3816 | D:3      | Learned a level 2 spell: Scorch
  4165 | D:3      | Noticed Jessica
  4170 | D:3      | Killed Jessica
  4961 | D:4      | Found a staircase to the Ecumenical Temple.
  4991 | D:3      | Reached XP level 6. HP: 30/43 MP: 0/0
  5251 | D:4      | Reached skill level 5 in Stealth
  5281 | Temple   | Entered the Ecumenical Temple
  5904 | D:5      | Entered Level 5 of the Dungeon
  6189 | D:5      | Found a hazy altar of Hepliaklqana.
  6193 | D:5      | Found a shadowy altar of Dithmenos.
  6194 | D:5      | Found a basalt altar of Yredelemnul.
  6271 | D:5      | Noticed an ogre
  6584 | D:5      | Noticed a black bear
  6592 | D:5      | Killed a black bear
  6593 | D:5      | Reached XP level 7. HP: 45/49 MP: 0/0
  6593 | D:5      | Learned a level 3 spell: Frozen Ramparts
  6604 | D:5      | Identified a scroll of acquirement
  6604 | D:5      | Acquired a +3 morningstar of protection
  7312 | D:5      | Noticed a water moccasin
  7763 | D:5      | Reached XP level 8. HP: 44/54 MP: 0/0
  9136 | D:4      | Reached skill level 3 in Dodging
  9514 | D:4      | Reached XP level 9. HP: 54/60 MP: 0/0
  9514 | D:4      | Learned a level 3 spell: Spider Form
  9957 | D:6      | Noticed a hornet
  9974 | D:6      | Killed a hornet
  9975 | D:6      | Reached skill level 4 in Dodging
 10619 | D:6      | Reached skill level 5 in Dodging
 11000 | D:6      | Reached skill level 5 in Fighting
 11654 | D:6      | Reached skill level 6 in Dodging
 12728 | D:8      | Reached skill level 7 in Dodging
 12728 | D:8      | Reached XP level 10. HP: 64/73 MP: 0/0
 13241 | D:8      | Found a broken altar of Ashenzari.
 13242 | D:8      | Found a burning altar of Makhleb.
 13324 | D:8      | Became a worshipper of Ashenzari the Shackled
 14127 | D:9      | Noticed Pikel
 14234 | D:8      | Killed Pikel
 14235 | D:8      | Reached skill level 8 in Dodging
 15699 | D:10     | Entered Level 10 of the Dungeon
 15713 | D:10     | Reached skill level 9 in Dodging
 15840 | D:10     | Found Noiqaamy's Armour Boutique.
 15859 | D:10     | Found a staircase to the Orcish Mines.
 15899 | D:10     | Found Eckaryz's Book Shop.
 16749 | D:10     | Found Arup's Distillery.
 16754 | D:10     | Bought a potion of curing for 45 gold pieces
 16754 | D:10     | Bought a potion of curing for 45 gold pieces
 16754 | D:10     | Bought a potion of curing for 45 gold pieces
 16754 | D:10     | Bought a potion of might for 60 gold pieces
 17069 | D:10     | Reached XP level 11. HP: 35/82 MP: 0/0
 17069 | D:10     | Learned a level 5 spell: Lightning Bolt
 17315 | D:10     | Found Tutzaifu's Weapon Boutique.
 18023 | D:10     | Reached skill level 10 in Dodging
 18256 | D:11     | Noticed a cyclops
 18256 | D:11     | Noticed a cyclops
 18263 | D:11     | Noticed a two-headed ogre
 18287 | D:11     | Killed a two-headed ogre
 18385 | D:11     | Reached skill level 10 in Fighting
 18668 | D:11     | Killed a cyclops
 18669 | D:11     | Reached skill level 11 in Dodging
 18669 | D:11     | Killed from afar by an electric eel

Illustrated notes

Levels and vault maps discovered:
D:1:      dpeg_arrival_subterranean_lakeside_camping, layout_basic,
          kennysheep_minor_cross
D:2:      layout_basic
D:3:      minmay_razor_zed, layout_basic,
          dreamdust_ecumenical_altar_angels_and_demons, uniq_terence,
          uniq_jessica
D:4:      lemuel_castle_with_subvaults [lemuel_castle_interior_carwin_2],
          layout_loops_ring, minmay_temple_entry_junction_2
D:5:      layout_basic, minitemple
D:6:      layout_rooms
D:7:      layout_rooms
D:8:      layout_loops_ring, nicolae_overflow_hidden_temple,
          kiku_gazebo_garden_becter
D:9:      layout_loops_ring, minmay_microvault, uniq_pikel
D:10:     layout_loops_corners, orc_0_dummy, special_room [special_room_bee],
          serial_shops, nicolae_shop_waterfront, nicolae_square_shop, shop,
          nicolae_diamond_shop
D:11:     layout_loops_cross, erik_lair_island, abandoned_shop
Temple:   nicolae_temple_x_marks_the_god

Skill      XL: |  1  2  3  4  5  6  7  8  9 10 11 |
---------------+----------------------------------+-----
Stealth        | 1 2 3 4 6 7 9 |  9.0
Dodging        | 3 7 9 11 | 11.0
Fighting       | 3 6 8 10 | 10.1
Throwing       | |  0.7
Armour         | |  1.0
Unarmed Combat | |  2.0
Spellcasting   | |  2.4

Action                   |  1- 3 |  4- 6 |  7- 9 | 10-12 || total
-------------------------+-------+-------+-------+-------++-------
Melee: Unarmed           |   148 |    25 |    20 |    33 ||   226
       Punch             |     4 |       |     3 |     6 ||    13
       Whip              |       |     9 |       |       ||     9
       Morningstar       |       |       |    69 |    85 ||   154
       Spear             |       |       |       |    91 ||    91
Throw: Dart              |     1 |     7 |     3 |       ||    11
       Boomerang         |       |     4 |       |       ||     4
 Cast: Sandblast         |     5 |    32 |     2 |       ||    39
       Blink             |       |     2 |     1 |     1 ||     4
       Scorch            |       |    59 |   184 |    77 ||   320
       Spider Form       |       |       |     3 |     3 ||     6
       Frozen Ramparts   |       |       |     2 |    10 ||    12
Evoke: Wand              |       |       |     2 |     2 ||     4
  Use: Potion            |       |     6 |     1 |     3 ||    10
       Scroll            |       |     4 |     2 |     8 ||    14
 Stab: Sleeping          |     1 |     2 |       |     4 ||     7
Armor: Leather armour    |    48 |    17 |    29 |    58 ||   152
       Skin              |       |       |     1 |     1 ||     2
Dodge: Dodged            |    84 |    48 |   102 |   276 ||   510
Block: Other             |    13 |    21 |    40 |    69 ||   143
       Reflection        |       |       |       |     2 ||     2

Table legend: (Time is in decaauts)
 A = Elapsed time spent in this place.
 B = Non-inter-level travel time spent in this place.
 C = Inter-level travel time spent in this place.
 D = Time resting spent in this place.
 E = Time spent auto-exploring this place.
 F = Levels seen in this place.
 G = Mean time per level.
                   A        B        C        D        E       F      G
               +--------+--------+--------+--------+--------+-----+--------+
         Total |  18764 |  17874 |    890 |   6538 |   6959 |  12 | 1563.7 |
       Dungeon |  18672 |  17782 |    890 |   6538 |   6881 |  11 | 1697.5 |
        Temple |     91 |     91 |      0 |      0 |     78 |   1 |   91.0 |
               +--------+--------+--------+--------+--------+-----+--------+

Top non-repeatable levels by time:
     D:4: 2657 daAuts
     D:5: 2489 daAuts
     D:3: 1897 daAuts
     D:8: 1869 daAuts
    D:10: 1858 daAuts
     D:6: 1828 daAuts
     D:2: 1759 daAuts
     D:9: 1505 daAuts
     D:1: 1336 daAuts
     D:7: 1009 daAuts
    D:11: 460 daAuts
  Temple: 91 daAuts
